 Dungeon Crawl Stone Soup version 0.30-a0-166-g5d06c95188 (webtiles) character file.

Game seed: 573132468249611644

93 qw the Chopper (level 4, -8/28 HPs)
             Began as a Gargoyle Fighter on Sept 29, 2022.
             Killed by divine providence
             ... invoked by an orc priest
              (12 damage)
             ... while paralysed by Ijyb
             ... on level 4 of the Dungeon.
             The game lasted 00:00:55 (2333 turns).

qw the Chopper (Gargoyle Fighter)                   Turns: 2333, Time: 00:00:55

Health: -8/28      AC: 13    Str: 21    XL:     4   Next: 62%
Magic:  4/4        EV: -1    Int:  9    God:
Gold:   170        SH:  0    Dex:  9    Spells: 3/3 levels left

rFire   . . .      SeeInvis .    i - +0 war axe (vamp)
rCold   . . .      Faith    .    c - +0 buckler
rNeg    + . .      Spirit   .    n - +0 chain mail
rPois   inf        Reflect  .    (no helmet)
rElec   +          Harm     .    (no cloak)
rCorr   .          Rampage  .    m - +0 pair of gloves
Will    .....                    (no boots)
Stlth   ..........               (no amulet)
HPRegen 0.09/turn                (no ring)
MPRegen 0.09/turn                (no ring)

@: paralysed, constricted
A: sickness immunity, AC +3, negative energy resistance 1, electricity
resistance, torment resistance 1, petrification resistance
a: no special abilities


You were on level 4 of the Dungeon.
You visited 1 branch of the dungeon, and saw 4 of its levels.

You collected 170 gold pieces.


Innate Abilities, Weirdness & Mutations

You are immune to sickness and miasma.
Your stone body is resilient. (AC +3)
You are immune to poison.
You resist negative energy. (rN+)
You are resistant to electric shocks. (rElec)
You are resistant to unholy torment.
You are immune to petrification.


   Skills:
 - Level 3.2 Fighting
 + Level 4.2 Axes
 - Level 3.2 Armour
 - Level 3.2 Shields


You had 3 spell levels left.
You didn't know any spells.
Your spell library was empty.

Inventory:

Hand Weapons
 b - a +0 flail
 i - a +0 vampiric war axe (weapon)
Armour
 c - a +0 buckler (worn)
 m - a +0 pair of gloves (worn)
 n - a +0 chain mail (worn)
Scrolls
 j - a scroll of identify
Potions
 d - 3 potions of might
 f - a potion of curing
 g - a potion of lignification
 h - a potion of berserk rage {unknown}
 k - a potion of haste {unknown}
 l - a potion of resistance {unknown}

Dungeon Overview and Level Annotations

Branches:
Dungeon (4/15)
 Temple: D:4-7

Altars:

Annotations:
D:4 Blork the orc, Ijyb


Message History

Found a stone staircase leading up.
There is a stone staircase leading up here.
There are monsters nearby!
Existing waypoints: (1) D:2 (2) D:3 Assign waypoint to what number? (0-9, D - delete waypoint) Waypoint 1 re-assigned from D:2 to D:4.
Enter note: The orc wizard gestures wildly while chanting.
The orc wizard flickers and vanishes!
Deactivating autopickup; reactivate with Ctrl-A.
You hit Blork the orc.
Blork the orc is lightly wounded.
You hit something. You hit the iguana but do no damage.
You block Blork the orc's attack. Something hits you but does no damage.
The iguana barely misses you.
An adder comes into view.
You barely miss Blork the orc.
Blork the orc is lightly wounded.
You miss something. You slash the iguana! Blork the orc barely misses you.
Something hits you but does no damage.
The orc priest calls down the wrath of Beogh upon you.
Beogh smites you!
Ouch! That really hurt!
The iguana bites you but does no damage.
An orc comes into view. It is wielding a +0 hand axe.
The orc shouts!
You hit the iguana.
You feel better.
The iguana is almost dead.
You hit Blork the orc.
You feel better.
You miss something.
You hear a bark!
Ijyb zaps a wand.
You suddenly lose the ability to move!
Something hits you but does no damage.
Blork the orc hits you but does no damage.
The iguana bites you!
The ball python bites you but does no damage.
The ball python grabs you. The ball python constricts you.
The iguana bites you.
The orc priest calls down the wrath of Beogh upon you.
Beogh smites you!
You die...

# #.
############ ...
#..........#
...o#.........<#
...............#
#..o{o.B.....#
#.ol@S......#
#...So...g....#
#.##..........#
#..........#
#..........#
#..........#
############


You could see Blork the orc, Ijyb, an iguana, an orc priest, an adder, 3 orcs, a
giant cockroach and a ball python.

Vanquished Creatures
  3 adders
  2 worms (D:2)
  2 dart slugs
  6 ball pythons
  5 endoplasms
  3 giant cockroaches
  2 goblins
  7 hobgoblins
  7 jackals
  2 quokkas (D:2)
  5 bats
  3 frilled lizards
  2 kobolds
  4 rats
53 creatures vanquished.

Notes
Turn   | Place    | Note
-------+----------+-------------------------------------------
     0 | D:1      | qw the Gargoyle Fighter began the quest for the Orb.
     0 | D:1      | Reached XP level 1. HP: 14/14 MP: 1/1
     0 | D:1      | 0 ||| qw: Version: 0.2-a-12-gaebbb33
     0 | D:1      | 0 ||| qw: Game counter: 1062
     0 | D:1      | 0 ||| qw: Always use a shield: true
     0 | D:1      | 0 ||| qw: God list: Okawaru
     0 | D:1      | 0 ||| qw: Allow faded altars: false
     0 | D:1      | 0 ||| qw: Do Orc after D:15 true
     0 | D:1      | 0 ||| qw: Do second Lair branch before Depths: true
     0 | D:1      | 0 ||| qw: Lair rune preference: random
     0 | D:1      | 0 ||| qw: Plans: Normal, Zot:1-4, God:TSO, Crypt, Tomb,
                  | Pan, Slime:5, Hells, Abyss, Orb
     0 | D:1      | 0 ||| PLANNING D:1-11
    56 | D:1      | Reached skill level 2 in Axes
   243 | D:1      | Reached XP level 2. HP: 13/19 MP: 2/2
   349 | D:1      | 349 ||| SWAPPING to +0 vampiric war axe.
   350 | D:1      | 350 ||| DROPPING +0 war axe.
   728 | D:1      | Found a faded altar of an unknown god.
   751 | D:1      | 751 ||| READING scroll labelled VUMIZA LEICS.
   752 | D:1      | 752 ||| READING 3 scrolls labelled ATEITH REUSH.
   753 | D:1      | 753 ||| READING scroll labelled WAUNTESTOLOTE.
   754 | D:1      | 754 ||| READING scroll labelled SUCIDW INEMYNA.
   755 | D:1      | 755 ||| READING 2 scrolls of identify.
   755 | D:1      | 755 ||| IDENTIFYING smoky black potion
   784 | D:2      | 784 ||| DROPPING +0 club.
   798 | D:2      | Reached skill level 3 in Axes
   829 | D:2      | Reached XP level 3. HP: 23/23 MP: 3/3
  1009 | D:2      | 1009 ||| Stepping ~*~*~tactically~*~*~ (stealth).
  1012 | D:2      | 1012 ||| Stepping ~*~*~tactically~*~*~ (stealth).
  1148 | D:2      | 1148 ||| Stepping ~*~*~tactically~*~*~ (hiding).
  1472 | D:2      | Reached XP level 4. HP: 28/28 MP: 4/4
  1558 | D:2      | 1558 ||| UPGRADING to +0 pair of gloves.
  1563 | D:2      | 1563 ||| UPGRADING to +0 chain mail.
  1573 | D:2      | 1573 ||| DROPPING +0 scale mail.
  1574 | D:2      | 1574 ||| READING scroll labelled TERONIECVE.
  1575 | D:2      | 1575 ||| READING scroll labelled ECOEPE SOUCOS.
  1578 | D:2      | 1578 ||| READING 2 scrolls of identify.
  1578 | D:2      | 1578 ||| IDENTIFYING cyan potion
  1579 | D:2      | 1579 ||| DROPPING potion of ambrosia.
  1609 | D:3      | 1609 ||| DROPPING +0 whip.
  1766 | D:3      | 1766 ||| Stepping ~*~*~tactically~*~*~ (hiding).
  1767 | D:3      | 1767 ||| Stepping ~*~*~tactically~*~*~ (hiding).
  1793 | D:3      | Reached skill level 4 in Axes
  1829 | D:3      | 1829 ||| Stepping ~*~*~tactically~*~*~ (stealth).
  1834 | D:3      | 1834 ||| Stepping ~*~*~tactically~*~*~ (stealth).
  2252 | D:3      | 2252 ||| READING scroll labelled NYHOAGR ZOMYRPH.
  2253 | D:3      | 2253 ||| READING scroll labelled ACAOBB MIACEI.
  2305 | D:3      | 2305 ||| DRINKING 2 bubbling orange potions.
  2329 | D:4      | Noticed Blork the orc
  2329 | D:4      | Noticed Ijyb
  2333 | D:4      | Paralysed by Ijyb for 4 turns
  2333 | D:4      | HP: 4/28 [iguana (6)]
  2333 | D:4      | Killed from afar by an orc priest

Levels and vault maps discovered:
D:1:      ncdulo_watergridlock, layout_basic,
          hellmonk_ecumenical_altar_inner_sanctum
D:2:      layout_basic
D:3:      layout_basic, dk_noncrumbling_4
D:4:      layout_rooms, cheibrodos_worm_habitat, kennysheep_mini_moat,
          kennysheep_little_box, minmay_temple_entry_glassed_door, serial_shops,
          shop, uniq_blork_the_orc, uniq_ijyb, uniq_grinder,
          uniq_crazy_yiuf_cottage

Skill      XL: |  1  2  3  4 |
---------------+-------------+-----
Axes           | 2 3 4 |  4.2
Fighting       | |  3.2
Armour         | |  3.2
Shields        | |  3.2

Action                   |  1- 3 |  4- 6 || total
-------------------------+-------+-------++-------
Melee: War axe           |   119 |    50 ||   169
  Use: Scroll            |     5 |     5 ||    10
       Potion            |       |     1 ||     1
Armor: Scale mail        |    76 |     3 ||    79
       Chain mail        |       |    25 ||    25
Dodge: Dodged            |    49 |    25 ||    74
Block: Buckler           |    23 |     7 ||    30

Table legend:
 A = Non-vault XP
 B = Vault XP
 C = Vault XP percentage of total XP
 D = Non-vault monster count
 E = Vault monster count
 F = Vault count percentage of total count
                 A         B        C        D         E       F
            +---------+---------+-------+---------+---------+-------
      Total |     134 |       0 |   0.0 |      53 |       0 |   0.0
            +---------+---------+-------+---------+---------+-------
        D:1 |      19 |       0 |   0.0 |      11 |       0 |   0.0
        D:2 |      69 |       0 |   0.0 |      29 |       0 |   0.0
        D:3 |      46 |       0 |   0.0 |      13 |       0 |   0.0
            +---------+---------+-------+---------+---------+-------
